 Dungeon Crawl Stone Soup version 0.30-a0-1163-gf69bf04e7a (webtiles) character file.

Game seed: 10568620152538843487

86 Jackthecabe the Shooter (level 4, -4/25 HPs)
             Began as a Kobold Hexslinger on Apr 29, 2023.
             Slain by a gnoll
             ... wielding a +0 flail
              (7 damage)
             ... on level 2 of the Dungeon.
             The game lasted 00:03:58 (2463 turns).

Jackthecabe the Shooter (Kobold Hexslinger)         Turns: 2463, Time: 00:04:00

Health: -4/25      AC:  3    Str:  7    XL:     4   Next: 78%
Magic:  5/5        EV: 15    Int: 14    God:
Gold:   131        SH:  0    Dex: 17    Spells: 4/5 levels left

rFire   . . .        a - +1 sling
rCold   . . .        (no shield)
rNeg    . . .        c - +0 robe
rPois   .            (no helmet)
rElec   .            d - scarf {shadows}
rCorr   .            (no gloves)
SInv    .            m - +0 pair of boots
Will    .....        (no amulet)
Stlth   +++          (no ring)
HPRegen 0.24/turn    (no ring)
MPRegen 0.09/turn

%: no passive effects
@: no status effects
A: small, no large weapons, nightstalker 3
a: no special abilities


You were on level 2 of the Dungeon.
You visited 1 branch of the dungeon, and saw 3 of its levels.

You collected 131 gold pieces.


Innate Abilities, Weirdness & Mutations

You are small and have problems with some larger weapons.
You are completely attuned to the shadows.


   Skills:
 - Level 1.1 Fighting
 + Level 6.1 Ranged Weapons
 - Level 2.4 Dodging
 - Level 1.1 Spellcasting
 - Level 3.0 Hexes


You had 4 spell levels left.
You knew the following spells:

 Your Spells              Type           Power      Damage    Failure   Level
s - Slow                  Hex            36%        N/A       8%          1

Your spell library contained the following spells:

 Spells                   Type           Power      Damage    Failure   Level
 Inner Flame              Hex/Fire       4%         N/A       38%         3
 Portal Projectile        Hex/Tloc       8%         N/A       38%         3
 Cause Fear               Hex            4%         N/A       58%         4
 Volatile Blastmotes      Fire/Tloc      0%         2d10      61%         3
 Fulminant Prism          Conj/Hex       2%         3d5       80%         4
 Iskenderun's Mystic Bla  Conj/Tloc      0%         2d3       95%         4
 Lee's Rapid Deconstruct  Erth           0%         3d4*      100%        5

Inventory:

Hand Weapons
 a - a +1 sling (weapon)
Armour
 c - a +0 robe (worn)
 d - a scarf of shadows (worn)
 m - a +0 pair of boots (worn)
Magical Staves
 n - a staff of poison {!a}
Scrolls
 b - 2 scrolls of poison
 i - 3 scrolls of fear {unknown}
 k - a scroll of brand weapon {unknown}
Potions
 e - a potion of heal wounds {unknown}
 f - 2 potions of cancellation {unknown}
 g - a potion of mutation {unknown}
 h - a potion of haste {unknown}
 j - a potion of might {unknown}
 l - 2 potions of degeneration {unknown}

Dungeon Overview and Level Annotations

Branches:
Dungeon (3/15)

Altars:

Annotations:
D:2 exclusion: adder

..# ###.#.#.##..#####.##.###.##
..# #.........#####.##.###.# ..#
#.....##...............# ###
#.#.#..#..#####.##.###.#
#########.#.#.........<.##.###.##
............##....#####..........
#########.#.###...########.###.##
# #..........<...........#
###########.####@#########.#####
##.......##.####g# #....##.#
...............)># #....##.#
.........##.####.# #....##.#
.........##.# #.###....##.#
.........##.# #...'....'..#
.........##.# #.###....####
.........##.# #.# ######
..#########.# #.#


You could see a gnoll.


Message History

HP restored.
You climb downwards.
The gnoll completely misses you. The gnoll hits you with a +0 flail!
There is a stone staircase leading up, spattered with blood here.
Unknown command.
The gnoll hits you with a +0 flail!
* * * LOW HITPOINT WARNING * * *
You climb upwards.
Level annotation: exclusion: adder
There is a stone staircase leading down here.
You are too injured to fight recklessly!
You are too injured to fight recklessly!
You are too injured to fight recklessly!
The gnoll barely misses you.
Items here: )) [ †.
The gnoll attacks as you move away! The gnoll barely misses you.
Fire: a) +1 sling
Press: ? - help, Shift-Dir - straight line, f - gnoll
Aim: a gnoll, wielding a +0 flail (65% to hit)
You shoot a sling bullet.
The sling bullet hits the gnoll but does no damage.
The gnoll hits you with a +0 flail!
* * * LOW HITPOINT WARNING * * *
Fire: a) +1 sling
Press: ? - help, Shift-Dir - straight line, f/p - gnoll
Aim: a gnoll, wielding a +0 flail (65% to hit)
You shoot a sling bullet.
The sling bullet barely misses the gnoll.
The gnoll hits you with a +0 flail!
You die...

Skill      XL: |  1  2  3  4 |
---------------+-------------+-----
Ranged Weapons | 3 4 5 6 |  6.1
Fighting       | |  1.1
Dodging        | |  2.4
Spellcasting   | |  1.1
Hexes          | |  3.0

Action                     |  1- 3 |  4- 6 || total
---------------------------+-------+-------++-------
   Fire: Sling             |    86 |    24 ||   110
   Cast: Slow              |     5 |       ||     5
 Armour: Robe              |    15 |     1 ||    16
  Dodge: Dodged            |    44 |    11 ||    55

Levels and vault maps discovered:
D:1:      dpeg_arrival_houses_and_road, layout_loops_ring, st_stairs_13
D:2:      layout_basic, minivault_26, uniq_jessica
D:3:      wander_river, layout_basic, mainiacjoe_overflow_chevrons,
          hellmonk_ecumenical_altar_blasted, grunt_ministairs_7,
          kennysheep_generic_room_15

Notes
Turn   | Place    | Note
-------+----------+-------------------------------------------
     0 | D:1      | Jackthecabe the Kobold Hexslinger began the quest for the
                  | Orb.
     0 | D:1      | Reached XP level 1. HP: 12/12 MP: 2/2
    66 | D:1      | Reached skill level 3 in Ranged Weapons
   155 | D:1      | Reached XP level 2. HP: 14/16 MP: 3/3
   311 | D:1      | Reached skill level 4 in Ranged Weapons
   762 | D:1      | Reached XP level 3. HP: 4/20 MP: 4/4
  1634 | D:2      | Noticed Jessica
  1642 | D:2      | Killed Jessica
  1643 | D:2      | Reached skill level 5 in Ranged Weapons
  1643 | D:2      | Reached XP level 4. HP: 16/25 MP: 3/5
  2434 | D:2      | Reached skill level 6 in Ranged Weapons
  2463 | D:2      | Slain by a gnoll

Vanquished Creatures
  Jessica (D:2)
  2 gnolls (D:2)
  A worm (D:2)
  An orc (D:2)
  5 endoplasms
  2 giant cockroaches
  2 goblins
  2 hobgoblins (D:1)
  2 jackals (D:1)
  2 quokkas
  4 ball pythons
  4 bats
  4 frilled lizards
  2 kobolds (D:1)
  4 rats
38 creatures vanquished.

Table legend: (Time is in decaauts)
 A = Elapsed time spent in this place.
 B = Non-inter-level travel time spent in this place.
 C = Inter-level travel time spent in this place.
 D = Time resting spent in this place.
 E = Time spent auto-exploring this place.
 F = Levels seen in this place.
 G = Mean time per level.
                   A        B        C        D        E       F      G
               +--------+--------+--------+--------+--------+-----+--------+
         Total |   2486 |   2366 |    120 |    137 |   1877 |   3 |  828.7 |
       Dungeon |   2486 |   2366 |    120 |    137 |   1877 |   3 |  828.7 |
               +--------+--------+--------+--------+--------+-----+--------+

Top non-repeatable levels by time:
     D:2: 1249 daAuts
     D:1: 1228 daAuts
     D:3: 7 daAuts

Table legend:
 A = Non-vault XP
 B = Vault XP
 C = Vault XP percentage of total XP
 D = Non-vault monster count
 E = Vault monster count
 F = Vault count percentage of total count
                 A         B        C        D         E       F
            +---------+---------+-------+---------+---------+-------
      Total |      52 |      72 |  58.1 |      32 |       6 |  15.8
            +---------+---------+-------+---------+---------+-------
        D:1 |      29 |       3 |   9.4 |      19 |       2 |   9.5
        D:2 |      23 |      69 |  75.0 |      13 |       4 |  23.5
            +---------+---------+-------+---------+---------+-------
